Map: 擬像之城 - 天梯版

Players

sinken

  • Race: Zerg Zerg
  • League: Diamond
  • Spawn Location: 11:00

솔직하게말해서 - Winner!

  • Race: Protoss Protoss
  • Spawn Location: 5:00

VOD

Have the link to the VOD?

Description

Time

  • Played on: Jan. 22, 2020, 10:28 p.m.
  • Length: 11:48
Show
View Real Time Build Order
Export as new Build Order

sinken Zerg 

Build Orders: Hatch First 

Get SALT Encoding   

  12  0:01  Drone  
  13  0:08  Drone  
  14  0:17  Overlord  
  14  0:36  Drone x3  
  17  0:46  Drone  
  18  1:00  Hatchery  
  17  1:07  Drone  
  17  1:09  Drone  
  19  1:25  Spawning Pool  
  19  1:28  Drone  
  19  1:34  Drone  
  19  1:36  Extractor  
  19  1:53  Drone, Overlord  
  20  2:12  Zergling x2  
  20  2:14  Queen  
  23  2:23  Roach Warren  
  23  2:25  Zergling x2  
  23  2:27  Drone  
  23  2:28  Drone x2  
  25  2:34  Queen  
  27  2:49  Drone x2  
  27  2:51  Overlord  
  29  3:11  Roach  
  29  3:12  Roach x4  
  39  3:25  Drone  
  39  3:26  Drone x3  
  43  3:47  Spine Crawler  
  42  3:50  Spine Crawler  
  42  3:53  Extractor  
  42  3:54  Drone x4  
  42  3:55  Extractor  
  43  4:06  Overlord  
  43  4:07  Overlord x2  
  43  4:15  Overlord  
  40  4:31  Overlord  
  40  4:38  Roach x3  
  45  4:52  Zergling x10  
  49  5:11  Ravager x2  
  49  5:17  Roach x2  
  53  5:29  Roach  
  53  5:30  Roach x2, Overlord  
  55  5:46  Roach x4  
  63  5:52  Ravager  
  63  5:53  Spore Crawler  
  57  6:13  Roach x3  
  63  6:22  Spawning Pool  
  62  6:38  Overlord  
  55  7:15  Queen  
  56  7:16  Spore Crawler  
  56  7:20  Roach Warren  
  52  7:54  Drone  
  52  7:55  Drone x3  
  54  8:05  Roach x2  
  51  8:06  Ravager x5  
  51  8:09  Drone  
  51  8:30  Ravager x3  
  51  8:32  Lair  
  54  8:35  Drone x2  
  34  9:32  Hydralisk Den  
  33  9:40  Drone  
  33  9:41  Drone x2  
  36  10:03  Hydralisk x2  
  36  10:04  Hydralisk x6  
  49  10:20  Muscular Augments  
  41  10:37  Hydralisk  
  41  10:42  Drone x2  
  45  10:43  Drone x2  
  40  11:08  Hydralisk  
  40  11:09  Drone, Hydralisk x3  
  39  11:22  Hydralisk  
Show
View Real Time Build Order
Export as new Build Order

솔직하게말해서 Protoss - Winner!

Build Orders:  

Get SALT Encoding   

  12  0:00  Probe  
  13  0:12  Probe  
  14  0:20  Pylon  
  14  0:25  Probe (Chrono Boost)  
  15  0:39  Probe (Chrono Boost)  
  15  0:42  Forge  
  16  0:44  Probe (Chrono Boost)  
  17  0:57  Pylon  
  17  1:01  Probe  
  18  1:06  Gateway  
  18  1:13  Probe  
  19  1:20  Assimilator  
  19  1:25  Probe  
  20  1:29  Pylon  
  20  1:40  Probe  
  21  1:48  Photon Cannon  
  21  1:54  Cybernetics Core  
  21  2:00  Pylon  
  21  2:25  Photon Cannon  
  21  2:27  Photon Cannon  
  21  2:32  Robotics Facility  
  21  2:34  Shield Battery  
  21  2:37  Photon Cannon  
  21  2:42  Pylon  
  21  3:03  Shield Battery  
  21  3:16  Immortal (Chrono Boost)  
  21  3:18  Pylon  
  25  3:28  Shield Battery  
  25  3:38  Shield Battery  
  25  3:39  Shield Battery  
  25  3:45  Warp Prism (Chrono Boost)  
  27  3:51  Shield Battery  
  27  4:12  Immortal (Chrono Boost)  
  31  4:22  Pylon  
  31  4:46  Immortal  
  35  4:55  Probe  
  36  5:04  Pylon  
  36  5:12  Photon Cannon  
  35  5:36  Nexus  
  35  5:46  Observer (Chrono Boost)  
  29  7:17  Observer  
  27  8:04  Probe  
  28  8:06  Immortal (Chrono Boost)  
  31  8:44  Probe  
  32  8:57  Probe  
  32  9:00  Assimilator  
  33  9:24  Probe  
  34  9:47  Nexus  
  34  10:26  Probe  
  35  10:38  Probe  
  35  10:39  Immortal (Chrono Boost)  
  38  11:14  Probe  
  39  11:22  Pylon  
  39  11:31  Probe  
  40  11:33  Gateway  
  40  11:34  Probe  
Tags
 
Add a new tag
Caveats
  • Supply blocks, unpowered buildings, or Contaminate may cause inaccurate times.
  • Supply counts are checked every 10 seconds.